 Dungeon Crawl Stone Soup version 0.29-a0-824-gd827844252 (webtiles) character file.

Game seed: 3421442692040780169

861 27snakeeyes612 the Trooper (level 8, -2/74 HPs)
             Began as a Naga Fighter on July 10, 2022.
             Killed from afar by a white imp (14 damage)
             ... with a puff of frost
             ... on level 4 of the Dungeon.
             The game lasted 00:04:24 (6067 turns).

27snakeeyes612 the Trooper (Naga Fighter)           Turns: 6067, Time: 00:04:25

Health: -2/74      AC:  9    Str: 20    XL:     8   Next: 2%
Magic:  8/8        EV:  7    Int:  9    God:
Gold:   210        SH:  5    Dex: 11    Spells: 7/7 levels left

rFire   . . .      SeeInvis +   a - +0 war axe (freeze)
rCold   . . .      Faith    .   c - +0 buckler
rNeg    . . .      Spirit   .   b - +0 scale mail
rPois   +          Reflect  .   n - +0 helmet
rElec   .          Harm     .   (no cloak)
rCorr   .          Rampage  .   y - +0 pair of gloves
Will    +....                   (no barding)
Stlth   ..........              (no amulet)
HPRegen 0.22/turn               (no ring)
MPRegen 0.11/turn               (no ring)

@: very slow
A: AC +2, large, see invisible, deformed body, poison resistance, slowness 2,
spit poison 1, naga tail 1
a: Spit Poison


You were on level 4 of the Dungeon.
You visited 1 branch of the dungeon, and saw 5 of its levels.
You also visited: Sewer.

You collected 264 gold pieces.
You spent 54 gold pieces at shops.

Inventory:

Hand Weapons
 a - a +0 war axe of freezing (weapon)
Armour
 b - a +0 scale mail (worn)
 c - a +0 buckler (worn)
 g - a +0 plate armour
 i - a +0 tower shield
 n - a +0 helmet (worn)
 y - a +0 pair of gloves (worn)
Jewellery
 h - a ring of positive energy
 t - a ring of magical power
 A - a +6 ring of intelligence
Scrolls
 e - 5 scrolls of teleportation
 f - 3 scrolls of identify
 r - 3 scrolls of enchant armour {unknown}
 s - 2 scrolls of poison {unknown}
 v - 3 scrolls of fog {unknown}
 w - 2 scrolls of blinking
 B - a scroll of torment {unknown}
Potions
 d - 2 potions of might
 j - a potion of invisibility {unknown}
 k - a potion of brilliance
 l - 5 potions of curing
 m - 3 potions of lignification {unknown}
 o - 2 potions of mutation {unknown}
 p - 4 potions of heal wounds {unknown}
 q - a potion of haste {unknown}
 u - a potion of ambrosia {unknown}
 x - a potion of flight {unknown}
 z - a potion of cancellation {unknown}


   Skills:
 + Level 5.2 Fighting
 + Level 4.7 Axes
 + Level 4.3 Armour
 + Level 4.7 Shields


You had 7 spell levels left.
You didn't know any spells.
Your spell library contained the following spells:

 Spells                   Type           Power      Damage    Failure   Level
 Beastly Appendage        Tmut           0%         N/A       80%         1
 Slow                     Hex            0%         N/A       80%         1
 Poisonous Vapours        Pois/Air       0%         N/A       90%         2
 Wereblood                Tmut           0%         N/A       90%         2
 Confusing Touch          Hex            0%         N/A       99%         3
 Dazzling Flash           Conj/Hex       0%         N/A       99%         3
 Portal Projectile        Hex/Tloc       0%         N/A       99%         3
 Spider Form              Tmut/Pois      0%         N/A       99%         3
 Tukima's Dance           Hex            0%         N/A       99%         3
 Vampiric Draining        Necr           0%         2d6       99%         3
 Corpse Rot               Necr/Pois/Air  0%         N/A       100%        4
 Agony                    Necr           0%         N/A       100%        5
 Blade Hands              Tmut           0%         N/A       100%        5
 Silence                  Hex/Air        0%         N/A       100%        5


Dungeon Overview and Level Annotations

Branches:
Dungeon (5/15)             Temple (0/1) D:4           Sewer (visited)

Altars:
Elyvilon
Fedhas
Okawaru

Shops:
D:4 [

Annotations:
D:5 Dowan, Duvessa


Innate Abilities, Weirdness & Mutations

Your serpentine skin is tough. (AC +2)
You have supernaturally acute eyesight. (SInv)
Armour fits poorly on your strangely shaped body.
Your system is resistant to poisons. (rPois)
You cover ground very slowly.
You can spit poison.
You have a snake-like lower body.


Message History

Aiming: Spit Poison (1% risk of failure)
Press: ? - help, Q - select action Shift-Dir - straight line, f - scorpion
Aim: a scorpion (heavily wounded, 59% to hit)
The splash of poison misses the scorpion.
The scorpion barely misses you. The white imp gestures at you.
The puff of frost hits you.
* * * LOW HITPOINT WARNING * * *
The scorpion stings you but does no damage.
You closely miss the scorpion.
The scorpion is heavily wounded.
You hit the white imp.
The white imp hits you but does no damage.
The scorpion stings you.
* * * LOW HITPOINT WARNING * * *
The white imp hits you but does no damage.
You hit the scorpion but do no damage.
The scorpion is heavily wounded.
You barely miss the white imp. The scorpion barely misses you.
You block the white imp's attack.
The scorpion stings you but does no damage.
You slash the scorpion! You freeze the scorpion.
You kill the scorpion!
You closely miss the white imp.
You have got your breath back.
The white imp hits you but does no damage.
You have reached level 8!
You feel clever.
You closely miss the white imp.
The white imp is severely wounded.
The white imp hits you but does no damage.
The white imp barely misses you.
You hit the white imp.
The white imp is almost dead.
The white imp closely misses you.
You hit the white imp but do no damage.
The white imp is almost dead.
The white imp gestures at you. The puff of frost hits you!
You die...

#.#.# #####.####### ##.###
#.#.######....#......# ##.#..
#..........###.#.###.# #....#
#.#.######.# #..#.##.# #..###
#.#.# #.# #.###)#.# #..# #.#.#
#.####.#.##.# #..# #.#.#
#.##....###.#######<.# #.#.#
#.#................<.#
....######......@.#...######.##
...............5†............#
#.................#...########
##########.##...####.##
#.##...####.# #...........#
#############


You could see a white imp.

Vanquished Creatures
  Sigmund (D:4)
  Eustachio (D:5)
  2 scorpions
  A hound (D:4)
  Jessica (D:3)
  Terence (D:3)
  An orc wizard (D:3)
  Natasha (thrice) (D:2)
  A hell rat (Sewer)
  4 gnolls (D:5)
  6 adders
  2 river rats (Sewer)
  A worm (D:3)
  4 dart slugs
  10 orcs
  3 bats
  5 endoplasms
  5 giant cockroaches
  9 goblins
  9 hobgoblins
  8 jackals
  4 quokkas
  9 ball pythons
  4 frilled lizards
  7 kobolds
  15 rats
117 creatures vanquished.

Vanquished Creatures (others)
  A plant (D:1)
1 creature vanquished.

Grand Total: 118 creatures vanquished

Notes
Turn   | Place    | Note
-------+----------+-------------------------------------------
     0 | D:1      | 27snakeeyes612 the Naga Fighter began the quest for the
                  | Orb.
     0 | D:1      | Reached XP level 1. HP: 21/21 MP: 1/1
   213 | D:1      | Reached XP level 2. HP: 16/28 MP: 2/2
   994 | D:1      | Reached XP level 3. HP: 34/34 MP: 3/3
  1177 | D:1      | Found a faded altar of an unknown god.
  1404 | D:2      | Noticed Natasha
  1412 | D:2      | Killed Natasha
  1416 | D:2      | Reached XP level 4. HP: 10/42 MP: 4/4
  1788 | D:2      | Noticed Natasha
  1798 | D:2      | Killed Natasha
  2223 | D:2      | Noticed Natasha
  2239 | D:2      | Killed Natasha
  2240 | D:2      | Reached XP level 5. HP: 13/50 MP: 5/5
  3040 | D:3      | Found a white marble altar of Elyvilon.
  3102 | D:3      | Noticed Jessica
  3111 | D:3      | Killed Jessica
  3112 | D:3      | Reached skill level 4 in Fighting
  3329 | D:3      | Found an iron altar of Okawaru.
  3448 | D:3      | Reached XP level 6. HP: 57/57 MP: 6/6
  3514 | D:3      | Noticed Terence
  3530 | D:3      | Killed Terence
  3806 | D:3      | Found a blossoming altar of Fedhas.
  4429 | D:4      | Found Nink's Armour Shop.
  4438 | D:4      | Bought a +0 tower shield for 54 gold pieces
  4458 | D:4      | Found a glowing drain.
  4462 | Sewer    | Entered a sewer
  5110 | D:4      | Found a staircase to the Ecumenical Temple.
  5356 | D:4      | Noticed Sigmund
  5364 | D:4      | Killed Sigmund
  5365 | D:4      | Reached XP level 7. HP: 53/66 MP: 7/7
  5534 | D:5      | Entered Level 5 of the Dungeon
  5818 | D:5      | Noticed Eustachio
  5850 | D:5      | Killed Eustachio
  5851 | D:5      | Reached skill level 5 in Fighting
  6039 | D:5      | Noticed Duvessa
  6039 | D:5      | Noticed Dowan
  6065 | D:4      | Reached XP level 8. HP: 11/74 MP: 8/8
  6067 | D:4      | Killed from afar by a white imp

Illustrated notes

Levels and vault maps discovered:
D:1:      shiori_arrival_maze, layout_loops_cross,
          shapermc_ecumenical_altar_mp_ritualfount, minmay_vboxes
D:2:      layout_basic, uniq_natasha
D:3:      layout_basic, nicolae_overflow_hidden_temple,
          kennysheep_generic_room_12, uniq_jessica, uniq_terence
D:4:      layout_loops_ring, temple_pool_b, serial_shops, nicolae_square_shop,
          gup_sewer_entry_bowl, uniq_sigmund
D:5:      layout_basic, uniq_edmund, uniq_eustachio, uniq_duvessa

Skill      XL: |  1  2  3  4  5  6  7 |
---------------+----------------------+-----
Shields        | 3 4 |  4.7
Armour         | 3 4 |  4.3
Axes           | 3 4 |  4.7
Fighting       | 4 5 |  5.2

Action                   |  1- 3 |  4- 6 |  7- 9 || total
-------------------------+-------+-------+-------++-------
Melee: War axe           |    92 |   226 |    51 ||   369
 Abil: Spit Poison       |     1 |     6 |     2 ||     9
  Use: Scroll            |       |     5 |       ||     5
       Potion            |       |       |     1 ||     1
Armor: Scale mail        |    51 |   105 |    43 ||   199
Dodge: Dodged            |    41 |    81 |    27 ||   149
Block: Buckler           |    19 |    51 |    21 ||    91

Table legend: (Time is in decaauts)
 A = Elapsed time spent in this place.
 B = Non-inter-level travel time spent in this place.
 C = Inter-level travel time spent in this place.
 D = Time resting spent in this place.
 E = Time spent auto-exploring this place.
 F = Levels seen in this place.
 G = Mean time per level.
                   A        B        C        D        E       F      G
               +--------+--------+--------+--------+--------+-----+--------+
         Total |   7320 |   7148 |    172 |    751 |   5379 |   6 | 1220.0 |
       Dungeon |   7044 |   6872 |    172 |    751 |   5177 |   5 | 1408.8 |
         Sewer |    276 |    276 |      0 |      0 |    202 |   1 |  276.0 |
               +--------+--------+--------+--------+--------+-----+--------+

Top non-repeatable levels by time:
     D:3: 1830 daAuts
     D:1: 1699 daAuts
     D:2: 1672 daAuts
     D:4: 1211 daAuts
     D:5: 630 daAuts
   Sewer: 276 daAuts
